 Dungeon Crawl Stone Soup version 0.30-a0-142-g7370640ec8 (webtiles) character file.

Game seed: 17621923958465744256

158 Aibolit the Cudgeller (level 5, 0/52 HPs)
             Began as a Troll Fighter on Sept 26, 2022.
             Slain by Pikel
             ... wielding a +1 whip of freezing
              (12 damage)
             ... on level 4 of the Dungeon.
             The game lasted 00:09:07 (1945 turns).

Aibolit the Cudgeller (Troll Fighter)               Turns: 1945, Time: 00:09:08

Health: 0/52       AC:  4    Str: 32    XL:     5   Next: 16%
Magic:  4/4        EV:  8    Int:  4    God:
Gold:   187        SH: 12    Dex:  9    Spells: 4/4 levels left

rFire   . . .      SeeInvis .    a - +0 flail
rCold   . . .      Faith    .    c - +0 kite shield
rNeg    . . .      Spirit   .    b - +0 robe
rPois   .          Reflect  +    (helmet restricted)
rElec   .          Harm     .    (no cloak)
rCorr   .          Rampage  .    (gloves unavailable)
Will    .....                    (boots unavailable)
Stlth   +.........               h - amulet of reflection
HPRegen 0.97/turn                e - +6 ring of strength
MPRegen 0.09/turn                (no ring)

@: mighty
A: large, unfitting armour, claws 3, regeneration 1, shaggy fur 1, tough skin 1
a: no special abilities


You were on level 4 of the Dungeon.
You visited 1 branch of the dungeon, and saw 4 of its levels.

You collected 187 gold pieces.

Inventory:

Hand Weapons
 a - a +0 flail (weapon)
Missiles
 v - 13 poisoned darts (quivered)
Armour
 b - a +0 robe (worn)
 c - a +0 kite shield (worn)
Jewellery
 e - a +6 ring of strength (left claw)
 h - an amulet of reflection (around neck)
Wands
 l - a wand of acid (8)
 o - a wand of flame (41)
Scrolls
 f - 3 scrolls of teleportation {unknown}
 g - a scroll of noise {unknown}
 j - a scroll of torment {unknown}
 q - a scroll of amnesia {unknown}
 r - a scroll of silence {unknown}
 s - a scroll of summoning {unknown}
 t - a scroll of immolation {unknown}
 w - a scroll of identify {unknown}
Potions
 i - a potion of mutation {unknown}
 k - a potion of lignification {unknown}
 m - a potion of haste {unknown}
 n - 2 potions of flight {unknown}
 p - a potion of brilliance {unknown}
 u - a potion of resistance {unknown}
 x - 2 potions of ambrosia {unknown}


   Skills:
 + Level 2.9 Fighting
 + Level 3.5 Maces & Flails
 + Level 2.9 Dodging
 + Level 3.5 Shields


You had 4 spell levels left.
You didn't know any spells.
Your spell library contained the following spells:

 Spells                   Type           Power      Damage    Failure   Level
 Frozen Ramparts          Ice            0%         1d1       99%         3
 Ice Form                 Ice/Tmut       0%         N/A       100%        4
 Summon Ice Beast         Ice/Summ       0%         N/A       100%        4


Dungeon Overview and Level Annotations

Branches:
Dungeon (4/15)
 Temple: D:4-7

Altars:
Ashenzari
Dithmenos
Uskayaw

Annotations:
D:4 Pikel


Innate Abilities, Weirdness & Mutations

You are too large for most types of armour.
You have claws for hands.
Your natural rate of healing is unusually fast.
You are covered in fur. (AC +1)
You have tough skin. (AC +1)


Message History

You block the lemure's attack.
Pikel hits you with a +1 whip of freezing.
Pikel freezes you.
You miss the lemure.
The lemure is lightly wounded.
You hear the slow rusting of a very distant drain.
The lemure barely misses you.
Pikel hits you with a +1 whip of freezing.
Pikel freezes you.
Aiming: Corrosive Bolt
Press: ? - help, Shift-Dir - straight line, f - Pikel
Aim: Pikel, wielding a +1 whip of freezing and wearing a +0 robe (64% to hit)
Okay, then.
You miss Pikel. You block the lemure's attack. You block Pikel's attack.
The lemure barely misses you.
Pikel hits you with a +1 whip of freezing!
Pikel freezes you.
* * * LOW HITPOINT WARNING * * *
You closely miss Pikel. You block the lemure's attack.
You block Pikel's attack.
You thump Pikel!
Pikel is moderately wounded.
You block the lemure's attack.
Pikel hits you with a +1 whip of freezing.
Pikel freezes you.
* * * LOW HITPOINT WARNING * * *
Pikel hits you with a +1 whip of freezing.
* * * LOW HITPOINT WARNING * * *
Pikel freezes you.
* * * LOW HITPOINT WARNING * * *
The lemure hits you but does no damage.
Aiming: Corrosive Bolt
Press: ? - help, Q - select action, (/) - cycle Shift-Dir - straight line, f - Pikel
Aim: Pikel, wielding a +1 whip of freezing and wearing a +0 robe (moderately wounded, 64% to hit)
The bolt of acid hits Pikel!
The acid corrodes Pikel!
Pikel is severely wounded.
The bolt of acid misses the lemure.
You block the lemure's attack.
Pikel hits you with a +1 whip of freezing!
You die...

.. ....#####
#.5K@# #.##5##
.##..###### 5 ..
#.........
..#########.#
#.########
5....K... ###(#
##############...#
...............#.#
################.#


You could see Pikel (corroded) and 2 lemures.

Vanquished Creatures
  A lemure (D:4)
  Jessica (D:3)
  Ijyb (D:2)
  3 adders
  A dart slug (D:1)
  2 orcs (D:3)
  7 bats
  10 endoplasms
  4 giant cockroaches
  7 hobgoblins
  3 jackals (D:2)
  3 kobolds
  3 quokkas (D:1)
  7 ball pythons
  3 frilled lizards
  9 goblins
  5 rats
70 creatures vanquished.

Vanquished Creatures (others)
  A plant (D:2)
1 creature vanquished.

Grand Total: 71 creatures vanquished

Notes
Turn   | Place    | Note
-------+----------+-------------------------------------------
     0 | D:1      | Aibolit the Troll Fighter began the quest for the Orb.
     0 | D:1      | Reached XP level 1. HP: 22/22 MP: 0/0
   203 | D:1      | Reached XP level 2. HP: 29/29 MP: 1/1
   680 | D:1      | Reached XP level 3. HP: 35/36 MP: 2/2
   823 | D:2      | Found a faded altar of an unknown god.
   995 | D:2      | Noticed Ijyb
  1016 | D:2      | Killed Ijyb
  1017 | D:2      | Reached XP level 4. HP: 37/44 MP: 3/3
  1230 | D:3      | Found a shadowy altar of Dithmenos.
  1276 | D:3      | Found a broken altar of Ashenzari.
  1474 | D:3      | Noticed Jessica
  1480 | D:3      | Killed Jessica
  1481 | D:3      | Reached XP level 5. HP: 51/52 MP: 4/4
  1708 | D:3      | Found a hide-covered altar of Uskayaw.
  1901 | D:4      | Noticed a lemure
  1901 | D:4      | Noticed Pikel
  1902 | D:4      | Noticed a lemure
  1903 | D:4      | Noticed a lemure
  1903 | D:4      | Noticed a lemure
  1935 | D:4      | Killed a lemure
  1945 | D:4      | Slain by Pikel

Illustrated notes

Levels and vault maps discovered:
D:1:      scummos_arrival_simple_fountains, layout_loops_ring,
          minmay_misc_feat_enclosed, patterned_corridor
D:2:      kennysheep_the_goblin_king, layout_rooms, serial_forest,
          infiniplex_forest_lined_2, infiniplex_forest_clump_small,
          infiniplex_forest_clump_diagonal, infiniplex_forest_end_2,
          infiniplex_forest_clump_large, infiniplex_forest_lined_1,
          infiniplex_forest_lined_room_, infiniplex_forest_clump_large,
          infiniplex_forest_lined_corner, basic_ecumenical_altar, st_stairs_4
D:3:      minmay_evil_eye, layout_loops_ring, mainiacjoe_overflow_paths,
          cheibrodos_ashenzari_chains, mainiacjoe_overflow_24_doors,
          uniq_jessica
D:4:      layout_basic, nicolae_wu_jian_wuxing_cycle, serial_co_window_serial,
          co_window_corner_a, co_window_paths_a, co_window_paths_a,
          co_window_corner_a, co_window_of_opportunity_a, co_window_corner_b,
          co_window_cross_3, co_window_broadway_b, co_window_of_opportunity_b,
          co_window_2corner, co_window_paths_c, co_window_of_opportunity_c,
          co_window_paths_d, glass_columns_a, glass_columns_a, glass_columns_c,
          glass_columns_c, serial_shops, nicolae_shop_waterfront,
          portal_sewer_entry_e, uniq_duvessa, uniq_pikel

Skill      XL: |  1  2  3 |
---------------+----------+-----
Shields        | 3 |  3.5
Maces & Flails | 2 3 |  3.5
Fighting       | |  2.9
Dodging        | |  2.9

Action                   |  1- 3 |  4- 6 || total
-------------------------+-------+-------++-------
Melee: Flail             |   114 |   119 ||   233
Evoke: Wand              |       |     1 ||     1
  Use: Potion            |       |     1 ||     1
Armor: Robe              |    37 |    44 ||    81
Dodge: Dodged            |    35 |    52 ||    87
Block: Kite shield       |    86 |   117 ||   203
       Reflection        |     6 |       ||     6

Table legend: (Time is in decaauts)
 A = Elapsed time spent in this place.
 B = Non-inter-level travel time spent in this place.
 C = Inter-level travel time spent in this place.
 D = Time resting spent in this place.
 E = Time spent auto-exploring this place.
 F = Levels seen in this place.
 G = Mean time per level.
                   A        B        C        D        E       F      G
               +--------+--------+--------+--------+--------+-----+--------+
         Total |   2037 |    623 |   1414 |      0 |      0 |   4 |  509.2 |
       Dungeon |   2037 |    623 |   1414 |      0 |      0 |   4 |  509.2 |
               +--------+--------+--------+--------+--------+-----+--------+

Top non-repeatable levels by time:
     D:1: 854 daAuts
     D:3: 692 daAuts
     D:2: 436 daAuts
     D:4: 54 daAuts
